 Dungeon Crawl Stone Soup version 0.19.5 (webtiles) character file.

73 empire the Skirmisher (level 4, 0/40 HPs)
             Began as a Draconian Monk on Mar 7, 2017.
             Succumbed to an adder's poison
             ... while paralysed by Grinder
             ... on level 3 of the Dungeon.
             The game lasted 00:02:56 (1747 turns).

empire the Skirmisher (Draconian Monk)              Turns: 1747, Time: 00:02:57

Health: 0/40       AC: 12    Str: 13    XL:     4   Next: 8%
Magic:  4/4        EV:  2    Int: 10    God:
Gold:   71         SH:  0    Dex: 15    Spells: 0 memorised, 3 levels left

rFire  . . .     SeeInvis .     a - +0 falchion
rCold  . . .     Gourm    .     (armour unavailable)
rNeg   . . .     Faith    +     (no shield)
rPois  .         Spirit   .     c - +2 hat
rElec  .         Reflect  .     j - +0 cloak
rCorr  .         Harm     .     l - +0 pair of gloves
MR     .....                    o - +2 pair of boots
Stlth  ++........               d - amulet of faith
                                (no ring)
                                (no ring)

@: paralysed, lethally poisoned (0 -> -2)
A: unfitting armour, cold-blooded, AC +5
a: no special abilities


You were on level 3 of the Dungeon.
You were not hungry.

You visited 1 branch of the dungeon, and saw 3 of its levels.

You collected 71 gold pieces.

Inventory:

Hand Weapons
 a - a +0 falchion (weapon)
Armour
 c - a +2 hat (worn)
 j - a +0 cloak (worn)
 l - a +0 pair of gloves (worn)
 o - a +2 pair of boots (worn)
Jewellery
 d - an amulet of faith (around neck)
Wands
 p - a wand of flame (37/48)
Scrolls
 f - a scroll of remove curse
 g - a scroll of recharging {unknown}
 k - a scroll of amnesia
 m - a scroll of fog {unknown}
 n - a scroll of teleportation {unknown}
Potions
 e - a potion of might
 h - a potion of magic {unknown}
 i - a potion of agility {unknown}
 s - a potion of brilliance {unknown}
 t - a potion of heal wounds {unknown}
Comestibles
 b - a bread ration
 q - 2 chunks of flesh
 r - a meat ration


   Skills:
 + Level 4.2 Fighting
 + Level 3.6 Long Blades
 + Level 3.3 Dodging
 - Level 1.7 Stealth
 + Level 0.6 Evocations


You had 3 spell levels left.
You didn't know any spells.

Dungeon Overview and Level Annotations

Branches:
Dungeon (3/15)

Altars:
Trog
Vehumet

Annotations:
D:3 Grinder


Innate Abilities, Weirdness & Mutations

Your plain brown scales are hard. (AC +5)
You cannot fit into any form of body armour.
You are cold-blooded and may be slowed by cold attacks.


Message History

You closely miss Grinder.
Grinder is lightly wounded.
Grinder hits you!
* * * LOW HITPOINT WARNING * * *
You writhe in agony.
* * * LOW HITPOINT WARNING * * *
The adder closely misses you. The adder bites you but does no damage.
Grinder gestures at you.
You suddenly lose the ability to move!
The adder bites you but does no damage. Grinder hits you but does no damage.
The adder bites you but does no damage. Grinder hits you.
* * * LOW HITPOINT WARNING * * *
The adder bites you but does no damage. The adder bites you.
* * * LOW HITPOINT WARNING * * *
You are lethally poisoned!
The adder poisons you!
Grinder blinks!
You die...

.5 .. .#
.# .#
##.##
#####S§.#
#>...@#
#.###...#
#####


You could see Grinder and an adder.

Vanquished Creatures
  2 adders (D:2)
  An ooze (D:1)
  3 worms (D:2)
  A leopard gecko (D:1)
  2 giant cockroaches
  6 hobgoblins
  4 jackals (D:2)
  4 bats
  9 frilled lizards
  2 goblins (D:2)
  6 kobolds
  2 rats
42 creatures vanquished.

Notes
Turn   | Place    | Note
-------+----------+-------------------------------------------
     0 | D:1      | empire the Draconian Monk began the quest for the Orb.
     0 | D:1      | Reached XP level 1. HP: 19/19 MP: 1/1
    88 | D:1      | Reached XP level 2. HP: 18/26 MP: 2/2
   802 | D:2      | Reached XP level 3. HP: 25/33 MP: 3/3
   886 | D:2      | Reached skill level 4 in Fighting
  1108 | D:2      | Found a radiant altar of Vehumet.
  1333 | D:2      | Reached XP level 4. HP: 40/40 MP: 4/4
  1448 | D:2      | Found a bloodstained altar of Trog.
  1736 | D:3      | Noticed Grinder
  1742 | D:3      | HP: 2/40 [Grinder (3)]
  1743 | D:3      | Paralysed by Grinder for 7 turns
  1747 | D:3      | Succumbed to an adder's poison

Skill      XL: |  1  2  3 |
---------------+----------+-----
Dodging        | 3 |  3.3
Fighting       | 4 |  4.2
Long Blades    | |  3.6
Stealth        | |  1.7
Evocations     | |  0.6

Action                   |  1- 3 |  4- 6 || total
-------------------------+-------+-------++-------
Melee: Falchion          |   114 |    18 ||   132
       Tailslap          |    17 |     3 ||    20
  Use: Scroll            |       |     4 ||     4
 Stab: Sleeping          |     3 |       ||     3
  Eat: Chunk             |     1 |     2 ||     3
Armor: Skin              |    30 |    17 ||    47
Dodge: Dodged            |    71 |    15 ||    86
       Rpst.: Falchion   |    23 |     6 ||    29
